 Dungeon Crawl Stone Soup version 0.28.0 (webtiles) character file.

Game seed: 8890304456348979029

16 Arcadio the Sneak (level 2, -3/24 HPs)
             Began as a Naga Hedge Wizard on Feb 10, 2022.
             Slain by a quokka (5 damage)
             ... on level 1 of the Dungeon.
             The game lasted 00:01:54 (326 turns).

Arcadio the Sneak (Naga Hedge Wizard)                Turns: 326, Time: 00:01:56

Health: -3/24      AC:  1    Str: 12    XL:     2   Next: 54%
Magic:  0/6        EV:  9    Int: 14    God:
Gold:   18         SH:  0    Dex: 10    Spells: 6/7 levels left

rFire   . . .      SeeInvis +   a - +0 dagger
rCold   . . .      Faith    .   (no shield)
rNeg    . . .      Spirit   .   b - +0 robe
rPois   +          Reflect  .   c - +0 hat
rElec   .          Harm     .   (no cloak)
rCorr   .          Rampage  .   (no gloves)
Will    .....                   (no barding)
Stlth   ++........              (no amulet)
HPRegen 0.08/turn               (no ring)
MPRegen 0.10/turn               (no ring)

@: very slow
A: AC +0, large, see invisible, deformed body, poison resistance, slowness 2,
spit poison 1, naga tail 1
a: Spit Poison


You were on level 1 of the Dungeon.
You visited 1 branch of the dungeon, and saw 1 of its levels.

You collected 18 gold pieces.

Inventory:

Hand Weapons
 a - a +0 dagger (weapon)
Armour
 b - a +0 robe (worn)
 c - a +0 hat (worn)
Scrolls
 d - a scroll of fear {unknown}


   Skills:
 + Level 0.8 Fighting
 - Level 1.5 Dodging
 + Level 3.5 Stealth
 + Level 3.1 Spellcasting
 + Level 1.4 Conjurations
 - Level 1.0 Summonings
 - Level 1.0 Translocations


You had 6 spell levels left.
You knew the following spells:

 Your Spells              Type           Power      Damage    Failure   Level
a - Magic Dart            Conj           24%        1d4       12%         1

Your spell library contained the following spells:

 Spells                   Type           Power      Damage    Failure   Level
 Slow                     Hex            8%         N/A       22%         1
 Blink                    Tloc           10%        N/A       22%         2
 Call Imp                 Summ           5%         N/A       22%         2
 Conjure Flame            Conj/Fire      4%         6-21      43%         3
 Mephitic Cloud           Conj/Pois/Air  3%         N/A       45%         3


Dungeon Overview and Level Annotations

Branches:
Dungeon (1/15)

Altars:


Innate Abilities, Weirdness & Mutations

Your serpentine skin is tough. (AC +0)
You have supernaturally acute eyesight. (SInv)
Armour fits poorly on your strangely shaped body.
Your system is resistant to poisons. (rPois)
You cover ground very slowly.
You can spit poison.
You have a snake-like lower body.


Message History

You kill the endoplasm!
Casting: Magic Dart (safe; 12% risk of failure)
Confirm with . or Enter, or press ? or * to list all spells.
Aiming: Magic Dart (safe; 12% risk of failure)
Press: ? - help, Shift-Dir - straight line, f - goblin
Aim: a goblin, wielding a +0 dagger (100% to hit)
The magic dart hits the goblin.
The goblin is moderately wounded.
The goblin barely misses you.
Casting: Magic Dart (safe; 12% risk of failure)
Confirm with . or Enter, or press ? or * to list all spells.
Aiming: Magic Dart (safe; 12% risk of failure)
Press: ? - help, Shift-Dir - straight line, f/p - goblin
Aim: a goblin, wielding a +0 dagger (moderately wounded, 100% to hit)
The magic dart hits the goblin.
The goblin is severely wounded.
The goblin hits you with a +0 dagger.
The quokka twitches its whiskers.
You closely miss the goblin.
The goblin is severely wounded.
You have got your breath back.
The goblin hits you with a +0 dagger.
You hit the goblin.
You kill the goblin!
The quokka bites you.
You hit the quokka but do no damage. The quokka bites you.
* * * LOW HITPOINT WARNING * * *
The quokka barely misses you. The quokka bites you.
* * * LOW HITPOINT WARNING * * *
The quokka barely misses you.
Casting: Magic Dart (safe; 12% risk of failure)
Confirm with . or Enter, or press ? or * to list all spells.
Aiming: Magic Dart (safe; 12% risk of failure)
Press: ? - help, Shift-Dir - straight line, f - quokka
Aim: a quokka (100% to hit)
The magic dart hits the quokka.
The quokka is heavily wounded.
The quokka bites you.
You die...

..................
...#.#.#...#.#.#..#
.....#..†........#
#..#$#.....#.#..#
#.....).........#
#....#.......#..
#..............#
###......#.#.#.#.#
#...@r......#....# ...>
........###+..#.#.#.#
#.#.#.##.....####..).....#
#.#.#.##...###.......#.#.##
#####.....##...
#.............#
..........##...
##....####.#..#
..........##.. #.....#
#....#
..........#######..#.##
###....
..........##.......#.####
#.###.


You could see a quokka.

Vanquished Creatures
  2 dart slugs (D:1)
  An endoplasm (D:1)
  A giant cockroach (D:1)
  2 goblins (D:1)
  A kobold (D:1)
  3 ball pythons (D:1)
  A rat (D:1)
11 creatures vanquished.

Notes
Turn   | Place    | Note
-------+----------+-------------------------------------------
     0 | D:1      | Arcadio the Naga Hedge Wizard began the quest for the Orb.
     0 | D:1      | Reached XP level 1. HP: 15/15 MP: 4/4
   169 | D:1      | Reached XP level 2. HP: 24/24 MP: 0/6
   326 | D:1      | Slain by a quokka

Illustrated notes

Levels and vault maps discovered:
D:1:      tarquinn_simple_flora_water_d, layout_basic,
          hellmonk_ecumenical_altar_crossroads, hangedman_decor_riveting

Action                   || total
-------------------------++-------
Melee: Dagger            ||     5
 Cast: Magic Dart        ||    25
 Abil: Spit Poison       ||     4
Armor: Robe              ||     1
Dodge: Dodged            ||     6
